 Dungeon Crawl Stone Soup version 0.29-a0-323-g050149af67 (webtiles) character file.

Game seed: 7520566697242235709

11 Jortsu the Sneak (level 2, -1/24 HPs)
             Began as a Merfolk Delver on Apr 10, 2022.
             Slain by a scorpion (6 damage)
             ... on level 5 of the Dungeon.
             The game lasted 00:01:08 (357 turns).

Jortsu the Sneak (Merfolk Delver)                    Turns: 357, Time: 00:01:09

Health: -1/24      AC:  3    Str: 12    XL:     2   Next: 25%
Magic:  2/2        EV: 12    Int:  9    God:
Gold:   14         SH:  0    Dex: 15    Spells: 1/1 levels left

rFire   . . .      SeeInvis .   a - +0 spear
rCold   . . .      Faith    .   (no shield)
rNeg    . . .      Spirit   .   b - +0 leather armour
rPois   .          Reflect  .   (no helmet)
rElec   .          Harm     .   (no cloak)
rCorr   .          Rampage  .   (no gloves)
Will    .....                   (no boots)
Stlth   +++.......              (no amulet)
HPRegen 0.08/turn               (no ring)
MPRegen 0.08/turn               (no ring)

@: lethally poisoned (-1 -> -9)
A: (nimble swimmer 2), mertail
a: no special abilities


You were on level 5 of the Dungeon.
You visited 1 branch of the dungeon, and saw 1 of its levels.

You collected 14 gold pieces.

Inventory:

Hand Weapons
 a - a +0 spear (weapon)
Armour
 b - a +0 leather armour (worn)
Wands
 g - a wand of digging (3)
Scrolls
 c - a scroll of fog
 d - a scroll of magic mapping
 e - a scroll of fear
 i - a scroll of torment {unknown}
Potions
 f - a potion of haste
 h - a potion of degeneration {unknown}
 j - a potion of might {unknown}


   Skills:
 + Level 3.3 Fighting
 + Level 2.8 Polearms
 + Level 2.7 Dodging
 + Level 5.9 Stealth


You had one spell level left.
You didn't know any spells.
Your spell library contained the following spells:

 Spells                   Type           Power      Damage    Failure   Level
 Magic Dart               Conj           0%         1d3       45%         1
 Call Imp                 Summ           0%         N/A       61%         2
 Gell's Gravitas          Tloc           0%         N/A       83%         3
 Lesser Beckoning         Tloc           0%         N/A       83%         3
 Mephitic Cloud           Conj/Pois/Air  0%         N/A       83%         3
 Teleport Other           Tloc           0%         N/A       83%         3


Dungeon Overview and Level Annotations

Branches:
Dungeon (5/15)
 Temple: D:4-7

Altars:


Innate Abilities, Weirdness & Mutations

((You are very nimble when in or above water. (Stealth+, EV+, Speed+++)))
Your lower body shifts to a powerful aquatic tail in water.


Message History

You hit the adder.
The adder is severely wounded.
The adder closely misses you. The adder completely misses you.
You hit the adder.
The adder is almost dead.
The adder barely misses you.
You hit the adder.
You kill the adder!
You have reached level 2!
i - a scroll labelled VAEPA ORRA
Found a book of Minor Magic.
You now have 14 gold pieces (gained 5).
j - an emerald potion
Found a book of Displacement.
You pick up a book of Minor Magic and begin reading...
You add the spells Magic Dart, Call Imp and Mephitic Cloud to your library.
You pick up a book of Displacement and begin reading...
You add the spells Lesser Beckoning, Gell's Gravitas and Teleport Other to your library.
A scorpion comes into view.
A phantom comes into view.
A scorpion and a black bear come into view.
Found a leather armour and 11 stones.
Found a robe and a club.
The scorpion stings you! The scorpion stings you!
The scorpion attacks as you move away! The scorpion barely misses you.
The scorpion attacks as you move away! The scorpion barely misses you.
The scorpion closely misses you. The scorpion attacks as you move away!
The scorpion closely misses you. The scorpion attacks as you move away!
The scorpion barely misses you.
Found a stone staircase leading up.
The scorpion stings you.
* * * LOW HITPOINT WARNING * * *
The scorpion attacks as you move away! The scorpion closely misses you.
There is a stone staircase leading up here.
The scorpion stings you.
* * * LOW HITPOINT WARNING * * *
You are lethally poisoned!
The scorpion poisons you! The scorpion stings you.
You die...

#..#...........# ##.
#.###.........# #..
##.###.#.....### ..##
#.......##W#....## #
#..##........#..#.....#
## ......>..............#
.###.....................
................s...####.
.#..............@....#
..).#................#
#..###..................
##.##......#...#...#.##.
#......>...##..#...### .
................##.#
.#..#..#........ ..
....#..#........ ...
###.....#....##


You could see a phantom and a scorpion.

Vanquished Creatures
  An adder (D:5)
  An orc (D:5)
2 creatures vanquished.

Notes
Turn   | Place    | Note
-------+----------+-------------------------------------------
     0 | D:5      | Jortsu the Merfolk Delver began the quest for the Orb.
     0 | D:5      | Reached XP level 1. HP: 18/18 MP: 1/1
   187 | D:5      | Noticed a hound
   201 | D:5      | Noticed a necrophage
   201 | D:5      | Noticed an orc warrior
   201 | D:5      | Noticed an orc priest
   201 | D:5      | Noticed an orc wizard
   275 | D:5      | Reached XP level 2. HP: 20/24 MP: 2/2
   329 | D:5      | Noticed a scorpion
   335 | D:5      | Noticed a phantom
   337 | D:5      | Noticed a scorpion
   337 | D:5      | Noticed a black bear
   357 | D:5      | Slain by a scorpion

Illustrated notes

Levels and vault maps discovered:
D:5:      layout_cave_pools

Action                   || total
-------------------------++-------
Melee: Spear             ||    18
       Punch             ||     1
 Stab: Sleeping          ||     1
Armor: Leather armour    ||     2
Dodge: Dodged            ||    14

Table legend: (Time is in decaauts)
 A = Elapsed time spent in this place.
 B = Non-inter-level travel time spent in this place.
 C = Inter-level travel time spent in this place.
 D = Time resting spent in this place.
 E = Time spent auto-exploring this place.
 F = Levels seen in this place.
 G = Mean time per level.
                   A        B        C        D        E       F      G
               +--------+--------+--------+--------+--------+-----+--------+
         Total |    356 |    356 |      0 |    154 |      3 |   1 |  356.0 |
       Dungeon |    356 |    356 |      0 |    154 |      3 |   1 |  356.0 |
               +--------+--------+--------+--------+--------+-----+--------+

Top non-repeatable levels by time:
     D:5: 356 daAuts
